 Dungeon Crawl Stone Soup version 0.29.1-12-g30fa7ad0bf (webtiles) character file.

Game seed: 313294017470558264

1702 IcyTea the Basher (level 9, -2/121 (126) HPs)
             Began as an Ogre Berserker on Dec 23, 2022.
             Was a Priest of Trog.
             Slain by a kobold brigand
             ... wielding a +2 whip of pain
              (7 damage)
             ... on level 7 of the Dungeon.
             The game lasted 00:14:10 (5170 turns).

IcyTea the Basher (Ogre Berserker)                  Turns: 5170, Time: 00:14:12

HP:   -2/121 (126)  AC:  3    Str: 27    XL:     9   Next: 3%
MP:   9/9           EV: 10    Int:  8    God:    Trog [***...]
Gold: 172           SH:  0    Dex:  8    Spells: 8/8 levels left

rFire   + . .      SeeInvis .   y - +0 giant club
rCold   + . .      Faith    .   (shield currently unavailable)
rNeg    + . .      Spirit   .   b - +0 animal skin
rPois   .          Reflect  .   (helmet restricted)
rElec   .          Harm     .   g - scarf {rC+ rF+}
rCorr   .          Rampage  .   (gloves unavailable)
Will    .....                   (boots unavailable)
Stlth   ..........              v - amulet of regeneration
HPRegen 1.10/turn               t - ring of positive energy
MPRegen 0.11/turn               (no ring)

@: berserking, lightly drained, very quick
A: large, unfitting armour, tough skin 1
a: Renounce Religion, Berserk, Trog's Hand


You were on level 7 of the Dungeon.
You worshipped Trog.
Trog was most pleased with you.
You visited 2 branches of the dungeon, and saw 8 of its levels.

You collected 309 gold pieces.
You spent 137 gold pieces at shops.

Inventory:

Hand Weapons
 l - a +0 flail
 y - a +0 giant club (weapon)
Missiles
 f - a throwing net
 o - 16 poisoned darts (quivered)
Armour
 b - a +0 animal skin (worn)
 g - a scarf of resistance (worn)
 r - a +0 cloak
Jewellery
 c - a ring of fire
 t - a ring of positive energy (left hand)
 v - an amulet of regeneration (around neck)
 A - an amulet of faith
Wands
 a - a wand of polymorph (10)
 C - a wand of mindburst (4)
 D - a wand of iceblast (10)
Scrolls
 d - 2 scrolls of magic mapping
 e - a scroll of silence
 i - 3 scrolls of teleportation
 m - a scroll of blinking
 n - 3 scrolls of poison
 u - a scroll of fog
 w - a scroll of immolation {unknown}
 x - 3 scrolls of enchant armour
 B - a scroll of vulnerability {unknown}
 E - a scroll of summoning {unknown}
Potions
 h - a potion of mutation {unknown}
 j - 2 potions of curing
 k - 2 potions of lignification {unknown}
 p - 4 potions of haste {unknown}
 q - 2 potions of flight {unknown}
 s - a potion of invisibility {unknown}
 z - a potion of degeneration {unknown}


   Skills:
 - Level 4.0 Fighting
 + Level 10.6 Maces & Flails
 - Level 2.6 Dodging


You had 8 spell levels left.
You didn't know any spells.
Your spell library was empty.

Dungeon Overview and Level Annotations

Branches:
Dungeon (7/15)             Temple (1/1) D:5

Altars:
Ashenzari
Cheibriados
Dithmenos
Fedhas
Gozag
Hepliaklqana
Kikubaaqudgha
Nemelex Xobeh
Okawaru
Qazlal
Sif Muna
Trog
Uskayaw
Vehumet
Wu Jian
Yredelemnul
Zin
The Shining One

Shops:
D:4 *   D:6 (


Innate Abilities, Weirdness & Mutations

You are too large for most types of armour.
You have tough skin. (AC +1)


Message History

The kobold brigand attacks as you move away!
The kobold brigand hits you with a +2 whip of pain!
You writhe in agony.
The kobold attacks as you move away! The kobold closely misses you.
You feel sick.
You barely miss the kobold.
You feel sick. The kobold barely misses you.
You thump the kobold!
You kill the kobold!
Trog accepts your kill.
You feel sick.
You are no longer poisoned.
Prince Ribbit barely misses you.
You barely miss Prince Ribbit.
Prince Ribbit blinks!
The kobold brigand hits you with a +2 whip of pain.
You writhe in agony.
Prince Ribbit barely misses you.
Things that are here:
a +0 club; 5 stones You barely miss Prince Ribbit.
The kobold brigand hits you with a +2 whip of pain!
Prince Ribbit hits you!
* * * LOW HITPOINT WARNING * * *
A red film seems to cover your vision as you go berserk!
You feel yourself moving faster!
You feel mighty! Prince Ribbit hits you!
* * * LOW HITPOINT WARNING * * *
The kobold brigand hits you with a +2 whip of pain.
* * * LOW HITPOINT WARNING * * *
Prince Ribbit barely misses you.
You completely miss Prince Ribbit.
The kobold brigand hits you with a +2 whip of pain!
* * * LOW HITPOINT WARNING * * *
Prince Ribbit hits you!
* * * LOW HITPOINT WARNING * * *
You are too berserk!
You are too berserk!
You flatten Prince Ribbit like a pancake!!!
You kill Prince Ribbit!
Trog accepts your kill.
Prince Ribbit returns to his original shape as he dies.
You hear a shout!
The kobold brigand hits you with a +2 whip of pain!
You die...

....#.....#.#
#..........#.#####
##.#......##.....#
...#.#.##.######.#
.. #... #.# #.#
#..# #.# ####.###
#. #. #.)....#
#.##.#.# #@##.#.#
#†K...# # #..####
#..# #... #.## #.
..


You could see a kobold brigand.

Vanquished Creatures
  Prince Ribbit (D:7)
  3 yaks (D:7)
  A water moccasin (D:6)
  An ice beast (D:4)
  An ogre (D:5)
  A centaur (D:6)
  A phantom (D:5)
  2 bullfrogs (D:7)
  2 necrophages
  3 scorpions
  3 hounds
  A jelly (D:5)
  4 iguanas
  A mummy (D:5)
  4 gnolls (D:3)
  4 adders
  A shadow imp (D:6)
  A worm (D:3)
  A dart slug (D:4)
  8 orcs
  4 ball pythons
  6 endoplasms
  4 giant cockroaches
  12 goblins
  6 hobgoblins
  4 jackals (D:1)
  6 kobolds
  A quokka (D:5)
  9 bats
  4 frilled lizards
  10 rats
110 creatures vanquished.

Notes
Turn   | Place    | Note
-------+----------+-------------------------------------------
     0 | D:1      | IcyTea the Ogre Berserker began the quest for the Orb.
     0 | D:1      | Reached XP level 1. HP: 24/24 MP: 1/1
    50 | D:1      | Reached skill level 3 in Maces & Flails
   157 | D:1      | Reached XP level 2. HP: 32/32 MP: 2/2
   228 | D:1      | Found a faded altar of an unknown god.
   466 | D:1      | Reached XP level 3. HP: 39/39 MP: 3/3
   663 | D:2      | Reached skill level 4 in Maces & Flails
   749 | D:2      | Reached ** piety under Trog
  1162 | D:2      | Reached XP level 4. HP: 40/48 MP: 4/4
  2229 | D:3      | Reached skill level 5 in Maces & Flails
  2230 | D:3      | Reached XP level 5. HP: 54/54 MP: 5/5
  2746 | D:3      | Found an ancient bone altar of Kikubaaqudgha.
  2746 | D:3      | Found a hide-covered altar of Uskayaw.
  2747 | D:3      | Found a stormy altar of Qazlal.
  2955 | D:4      | Found a sparkling altar of Nemelex Xobeh.
  3067 | D:4      | Found Ytziacos's General Store.
  3073 | D:4      | Bought a scroll of identify for 22 gold pieces
  3073 | D:4      | Bought a scroll of enchant armour for 82 gold pieces
  3073 | D:4      | Bought a potion of curing for 33 gold pieces
  3132 | D:4      | Reached *** piety under Trog
  3157 | D:4      | Noticed an ice beast
  3168 | D:4      | Killed an ice beast
  3169 | D:4      | Reached skill level 6 in Maces & Flails
  3169 | D:4      | Reached XP level 6. HP: 62/62 MP: 6/6
  3301 | D:5      | Entered Level 5 of the Dungeon
  3461 | D:5      | Found a snail-covered altar of Cheibriados.
  3568 | D:5      | Found a staircase to the Ecumenical Temple.
  3578 | Temple   | Entered the Ecumenical Temple
  3796 | D:5      | Reached skill level 7 in Maces & Flails
  3796 | D:5      | Reached XP level 7. HP: 52/70 MP: 7/7
  4059 | D:5      | Reached skill level 8 in Maces & Flails
  4525 | D:6      | Reached XP level 8. HP: 65/78 MP: 8/8
  4642 | D:6      | Found an opulent altar of Gozag.
  4658 | D:6      | Reached skill level 9 in Maces & Flails
  4700 | D:6      | Found Xueso's Antique Weapon Emporium.
  5017 | D:7      | Noticed a yak
  5018 | D:7      | Noticed a yak
  5018 | D:7      | Noticed a yak
  5022 | D:7      | Killed a yak
  5027 | D:7      | Killed a yak
  5028 | D:7      | Reached skill level 10 in Maces & Flails
  5035 | D:7      | Killed a yak
  5155 | D:7      | Reached XP level 9. HP: 72/81 MP: 9/9
  5157 | D:7      | Noticed Prince Ribbit
  5169 | D:7      | HP: 4/121 [Prince Ribbit (8)]
  5170 | D:7      | Killed Prince Ribbit
  5170 | D:7      | Slain by a kobold brigand

Illustrated notes

Levels and vault maps discovered:
D:1:      psy_arrival_fountain, layout_rooms,
          dreamdust_ecumenical_altar_statues, minmay_crystal_water
D:2:      layout_rooms, corexii_leaking_fountain, hangedman_decor_riveting,
          minivault_26, st_stairs_9
D:3:      layout_basic, gammafunk_temple_overflow_claw,
          chequers_serial_rivers_large_a
D:4:      layout_basic, nemelex_diamond_rough_becter, serial_shops,
          nicolae_square_shop
D:5:      layout_rooms, chei_slow_surprise, minmay_temple_entry_arrows,
          minmay_misc_feat_iff, corner_web_ring
D:6:      layout_basic, mainiacjoe_overflow_cross_hatched, serial_shops,
          kennysheep_little_box, nicolae_elevator_lobby_plus
D:7:      layout_loops_cross, grunt_temple_overflow_champion_of_chaos,
          mainiacjoe_overflow_boulevard, st_stairs_8, uniq_prince_ribbit1
Temple:   chequers_temple_sunken

Skill      XL: |  1  2  3  4  5  6  7  8 |
---------------+-------------------------+-----
Maces & Flails | 3 4 5 6 7 8 10 | 10.6
Fighting       | |  4.0
Dodging        | |  2.6

Action                   |  1- 3 |  4- 6 |  7- 9 || total
-------------------------+-------+-------+-------++-------
Melee: Mace              |   109 |       |       ||   109
       Flail             |     6 |   159 |     6 ||   171
       Punch             |       |     1 |       ||     1
       Giant club        |       |       |   109 ||   109
Throw: Dart              |       |       |     2 ||     2
Invok: Berserk           |       |     2 |     4 ||     6
  Use: Scroll            |       |     6 |     2 ||     8
 Stab: Sleeping          |       |     1 |       ||     1
Armor: Animal skin       |    55 |    26 |    19 ||   100
Dodge: Dodged            |    68 |    76 |    70 ||   214
